 Dungeon Crawl Stone Soup version 0.21.1-1-g345015fe64 (webtiles) character file.

56 Norian the Conjurer (level 3, 0/19 HPs)
             Began as a Deep Elf Conjurer on July 1, 2018.
             Slain by a gnoll
             ... wielding a +0 spear
              (7 damage)
             ... on level 2 of the Dungeon on July 2, 2018.
             The game lasted 00:05:34 (1166 turns).

Norian the Conjurer (Deep Elf Conjurer)             Turns: 1166, Time: 00:05:37

Health: 0/19       AC:  2    Str:  6    XL:     3   Next: 71%
Magic:  4/10       EV: 13    Int: 19    God:
Gold:   92         SH:  0    Dex: 15    Spells: 7/10 levels left

rFire    . . .     SeeInvis .   h - +2 short sword (protect)
rCold    . . .     Gourm    .   (no shield)
rNeg     . . .     Faith    .   a - +0 robe
rPois    .         Spirit   .   (no helmet)
rElec    .         Reflect  .   (no cloak)
rCorr    .         Harm     .   (no gloves)
MR       .....                  (no boots)
Stlth    ++........             (no amulet)
HPRegen  0.06/turn              (no ring)
MPRegen  0.12/turn              (no ring)

@: no status effects
A: no striking features
a: no special abilities


You were on level 2 of the Dungeon.
You were hungry.

You visited 1 branch of the dungeon, and saw 2 of its levels.

You collected 92 gold pieces.

Inventory:

Hand Weapons
 h - a +2 short sword of protection (weapon)
Armour
 a - a +0 robe (worn)
Scrolls
 f - 4 scrolls of identify {unknown}
 i - a scroll of magic mapping {unknown}
 k - a scroll of remove curse {unknown}
 l - a scroll of fear {unknown}
 m - a scroll of amnesia {unknown}
Potions
 d - a potion of agility {unknown}
 e - a potion of degeneration {unknown}
 g - a potion of invisibility {unknown}
 j - a potion of curing {unknown}
Books
 b - a book of Conjurations

   Spells                             Type                      Level
   a - Magic Dart                     Conjuration                  1
   b - Searing Ray                    Conjuration                  2
   c - Dazzling Spray                 Conjuration/Hexes            3
   d - Fulminant Prism                Conjuration/Hexes            4
   e - Force Lance                    Conjuration/Translocation    4
   f - Iskenderun's Mystic Blast      Conjuration                  4
Comestibles
 c - 2 rations


   Skills:
 - Level 2.4 Dodging
 + Level 3.1 Stealth
 + Level 4.2 Spellcasting
 + Level 5.1 Conjurations


You had 7 spell levels left.
You knew the following spells:

 Your Spells              Type           Power        Failure   Level  Hunger
a - Magic Dart            Conj           ###.         1%          1    None
b - Searing Ray           Conj           ###...       2%          2    #......


Dungeon Overview and Level Annotations

Branches:
Dungeon (2/15)

Altars:
Ru
Yredelemnul


Message History

Aiming: Searing Ray
Press: ? - help, Shift-Dir - straight line, f - rat
Aim: a rat The searing ray hits the rat.
You kill the rat!
Your Stealth skill increases to level 3! (Press . to maintain the ray.)
The searing ray hits the gnoll.
The gnoll is moderately wounded.
The gnoll hits you with a whip!
The searing ray hits the gnoll.
The gnoll is severely wounded.
The gnoll barely misses you.
The searing ray hits the gnoll.
You kill the gnoll!
The searing ray hits the gnoll.
The gnoll is heavily wounded.
You finish channeling your searing ray.
The gnoll hits you from afar with a spear!
You die...

##.## #..#.#.#
##.# #.###..#
...# #..#.#.#
## ####
#.#.##.# .$
##.#.##.# .#
#(......# .#
#.#####.# .# .
#.#
#.#####.##...#
#.#
#..@)g.g......
#.#
#.########..##
#.#####.#
#.......#
#########


You could see 2 gnolls.

Vanquished Creatures
  A gnoll (D:2)
  3 worms (D:2)
  A leopard gecko (D:2)
  3 bats (D:1)
  A giant cockroach (D:1)
  7 hobgoblins
  8 kobolds
  2 frilled lizards
  2 goblins
  5 rats
  A spectral orc (D:2)
34 creatures vanquished.

Notes
Turn   | Place    | Note
-------+----------+-------------------------------------------
     0 | D:1      | Norian the Deep Elf Conjurer began the quest for the Orb.
     0 | D:1      | Reached XP level 1. HP: 10/10 MP: 6/6
   167 | D:1      | Reached XP level 2. HP: 14/15 MP: 6/8
   573 | D:2      | Found a basalt altar of Yredelemnul.
   594 | D:2      | Found a sacrificial altar of Ru.
   616 | D:2      | Reached XP level 3. HP: 19/19 MP: 8/10
   662 | D:2      | Learned a level 2 spell: Searing Ray
   674 | D:2      | Reached skill level 5 in Conjurations
   924 | D:2      | Found a faded altar of an unknown god.
  1166 | D:2      | Slain by a gnoll

Skill      XL: |  1  2  3 |
---------------+----------+-----
Spellcasting   | 4 |  4.2
Conjurations   | 5 |  5.1
Stealth        | 3 |  3.1
Dodging        | |  2.4

Action                   || total
-------------------------++-------
Melee: Unarmed           ||     9
       Short sword       ||    25
       Club              ||     1
 Cast: Magic Dart        ||    48
       Searing Ray       ||     3
 Stab: Sleeping          ||     2
Armor: Robe              ||     8
Dodge: Dodged            ||    27
